 Dungeon Crawl Stone Soup version 0.30-a0-777-ga9a30cbeda (webtiles) character file.

Game seed: 2660149999402605449

97 lesbiats the Ruffian (level 4, 0/45 HPs)
             Began as a Troll Fighter on Feb 14, 2023.
             Succumbed to a goblin's poison
             ... on level 2 of the Dungeon.
             The game lasted 00:03:09 (860 turns).

lesbiats the Ruffian (Troll Fighter)                 Turns: 860, Time: 00:03:10

Health: 0/45       AC:  4    Str: 24    XL:     4   Next: 42%
Magic:  3/3        EV:  8    Int:  6    God:
Gold:   91         SH: 12    Dex:  9    Spells: 3/3 levels left

rFire   . . .      SeeInvis .      - Unarmed
rCold   . . .      Faith    .    b - +0 kite shield
rNeg    . . .      Spirit   .    a - +0 robe
rPois   .          Reflect  +    (helmet restricted)
rElec   .          Harm     .    (no cloak)
rCorr   .          Rampage  .    (gloves unavailable)
Will    .....                    (boots unavailable)
Stlth   +                        o - amulet of reflection
HPRegen 1.07/turn                (no ring)
MPRegen 0.08/turn                (no ring)

@: lethally poisoned (0 -> -15)
A: large, unfitting armour, claws 3, regeneration 1, shaggy fur 1, tough skin 1
a: no special abilities


You were on level 2 of the Dungeon.
You visited 1 branch of the dungeon, and saw 2 of its levels.

You collected 91 gold pieces.

Inventory:

Hand Weapons
 i - the +0 short sword "Quofag" {freeze, rElec rPois rC+}
   (You found it on level 2 of the Dungeon)

   rC:        It protects you from cold.
   rElec:     It insulates you from electricity.
   rPois:     It protects you from poison.
Missiles
 f - 3 atropa-tipped darts (quivered)
Armour
 a - a +0 robe (worn)
 b - a +0 kite shield (worn)
Jewellery
 o - an amulet of reflection (around neck)
Scrolls
 d - 2 scrolls of teleportation {unknown}
 e - a scroll of fear {unknown}
 g - a scroll of noise {unknown}
 k - a scroll of silence {unknown}
 n - a scroll of blinking {unknown}
Potions
 c - 3 potions of might
 h - a potion of heal wounds {unknown}
 j - a potion of mutation {unknown}
 l - a potion of haste {unknown}
 m - a potion of curing {unknown}


   Skills:
 + Level 3.0 Fighting
 - Level 2.4 Dodging
 + Level 3.3 Shields
 * Level 3.6 Unarmed Combat


You had 3 spell levels left.
You didn't know any spells.
Your spell library was empty.

Dungeon Overview and Level Annotations

Branches:
Dungeon (2/15)

Altars:


Innate Abilities, Weirdness & Mutations

You are too large for most types of armour.
You have claws for hands.
Your natural rate of healing is unusually fast.
You are covered in fur. (AC +1)
You have tough skin. (AC +1)


Message History

Robin is lightly wounded.
You block Robin's attack.
You scratch Robin.
Robin is moderately wounded.
The hobgoblin no longer looks unusually strong.
Robin hits you with a +5 spear of venom.
You are poisoned.
You closely miss Robin.
Robin is moderately wounded.
You feel very sick.
The goblin no longer looks unusually strong.
Robin roars a battlecry!
The goblins go into a battle-frenzy!
You claw Robin!
Robin is almost dead.
You feel very sick. Robin throws the goblin at you!
You barely miss Robin.
Robin is almost dead.
You feel sick. The goblin hits you but does no damage.
Robin's bangles clink loudly.
You block Robin's attack.
You claw Robin!
You kill Robin!
You feel sick. You block the goblin's attack. The hobgoblin hits you.
Your Fighting skill increases to level 3!
You completely miss the goblin.
You feel sick.
The goblin hits you with a +1 dagger of venom.
You are more poisoned.
You block the hobgoblin's attack. The goblin attacks as you move away!
The goblin hits you with a +1 dagger of venom.
* * * LOW HITPOINT WARNING * * *
You are lethally poisoned!
The hobgoblin attacks as you move away! You block the hobgoblin's attack.
* * * LOW HITPOINT WARNING * * *
You feel extremely sick.
You see here a +0 club.
Okay, then.
You die...

.#..............(.........
.#.....####†#######+#####..
.'....###.....###.....###[.
##....####.....###.....##.#.
......#.###.....###.....#.#
....#.#..###.....###....#.#
....#.+...###.....###...+.#
#####.#....####'######..#.##
#.#.....#...@.#.###.#... #
#.##...J#..[))#..####.# #
#.###...+.[..ggg..###S# #
#.####..#..[.)#...?##.# #
#.#.###.#.....#.....#.# #
#.#..######†####....#.gg ###
#.+...###.....###...'... ..#
#.#....###.....###..#.##
#.###.#.....###.....###.#...


You could see an endoplasm, a hobgoblin (strong) and 2 goblins.

Vanquished Creatures
  Robin (D:2)
  A gnoll (D:1)
  2 adders (D:2)
  A dart slug (D:2)
  4 ball pythons (D:1)
  3 endoplasms
  2 giant cockroaches
  11 goblins
  5 hobgoblins
  6 quokkas
  5 bats (D:1)
  A frilled lizard (D:1)
  6 kobolds
  3 rats
51 creatures vanquished.

Notes
Turn   | Place    | Note
-------+----------+-------------------------------------------
     0 | D:1      | lesbiats the Troll Fighter began the quest for the Orb.
     0 | D:1      | Reached XP level 1. HP: 22/22 MP: 0/0
   168 | D:1      | Reached XP level 2. HP: 22/29 MP: 1/1
   362 | D:1      | Reached XP level 3. HP: 34/36 MP: 2/2
   610 | D:2      | Identified the +0 short sword "Quofag" {freeze, rElec rPois
                  | rC+}
   758 | D:2      | Reached XP level 4. HP: 42/44 MP: 3/3
   836 | D:2      | Noticed Robin
   857 | D:2      | Killed Robin
   860 | D:2      | Succumbed to a goblin's poison

Illustrated notes

Levels and vault maps discovered:
D:1:      saegor_arrival_under_anarchy, layout_basic, minmay_misc_feat_tiny,
          st_stairs_3, nrook_mini_vaults, minmay_misc_feat_encased,
          serial_bayou_pond_a
D:2:      layout_basic, minmay_quadrilaterals, uniq_sigmund, uniq_natasha,
          uniq_robin

Skill      XL: |  1  2  3  4 |
---------------+-------------+-----
Shields        | 3 |  3.3
Unarmed Combat | 3 |  3.6
Fighting       | 3 |  3.0
Dodging        | |  2.4

Action                     |  1- 3 |  4- 6 || total
---------------------------+-------+-------++-------
  Melee: Unarmed           |   103 |    28 ||   131
 Armour: Robe              |    35 |     7 ||    42
  Dodge: Dodged            |    30 |     7 ||    37
  Block: Kite shield       |    33 |    20 ||    53

Table legend: (Time is in decaauts)
 A = Elapsed time spent in this place.
 B = Non-inter-level travel time spent in this place.
 C = Inter-level travel time spent in this place.
 D = Time resting spent in this place.
 E = Time spent auto-exploring this place.
 F = Levels seen in this place.
 G = Mean time per level.
                   A        B        C        D        E       F      G
               +--------+--------+--------+--------+--------+-----+--------+
         Total |    871 |    804 |     67 |      0 |    495 |   2 |  435.5 |
       Dungeon |    871 |    804 |     67 |      0 |    495 |   2 |  435.5 |
               +--------+--------+--------+--------+--------+-----+--------+

Top non-repeatable levels by time:
     D:1: 600 daAuts
     D:2: 270 daAuts
